 Dungeon Crawl Stone Soup version 0.29-a0-330-g52719c12eb (webtiles) character file.

Game seed: 18204222101745550817

3908 kae the Firebug (level 9, -11/62 HPs)
             Began as a Demigod Fire Elementalist on Apr 28, 2022.
             Mangled by an orc warrior
             ... wielding a +0 halberd
              (17 damage)
             ... in a bailey.
             The game lasted 00:11:17 (9576 turns).

kae the Firebug (Demigod Fire Elementalist)         Turns: 9576, Time: 00:11:18

Health: -11/62     AC: 12    Str: 15    XL:     9   Next: 69%
Magic:  5/21       EV: 10    Int: 29    God:
Gold:   290        SH:  6    Dex: 14    Spells: 6/19 levels left

rFire   + . .      SeeInvis +   y - staff of fire
rCold   . . .      Faith    .   D - +1 buckler
rNeg    . . .      Spirit   .   n - +5 ring mail of Beazub {rCorr Str+6}
rPois   +          Reflect  .   (no helmet)
rElec   .          Harm     .   t - +0 cloak
rCorr   +          Rampage  .   (no gloves)
Will    .....                   (no boots)
Stlth   +.........              G - amulet of the acrobat
HPRegen 0.20/turn               r - ring of poison resistance
MPRegen 0.17/turn               w - ring of see invisible

@: no status effects
A: high MP 1, forlorn, divine attributes
a: no special abilities


You were in a bailey.
You visited 1 branch of the dungeon, and saw 8 of its levels.
You also visited: Sewer and Bailey.

You collected 372 gold pieces.
You spent 82 gold pieces at shops.

Inventory:

Hand Weapons
 d - a +1 rapier
 B - the +4 dagger of Piyt {venom, rPois Dex+4}
   (You found it on level 3 of the Dungeon)

   It poisons the flesh of those it strikes.
   Dex:       It affects your dexterity (+4).
   rPois:     It protects you from poison.
Missiles
 m - 2 throwing nets
Armour
 a - a +0 robe
 n - the +5 ring mail of Beazub (worn) {rCorr Str+6}
   (You found it on level 2 of the Dungeon)

   Str:       It affects your strength (+6).
   rCorr:     It protects you from acid and corrosion.
 t - a +0 cloak (worn)
 D - a +1 buckler (worn)
Magical Staves
 y - a staff of fire (weapon)
Jewellery
 r - a ring of poison resistance (left hand)
 w - a ring of see invisible (right hand)
 F - a +6 ring of dexterity
 G - an amulet of the acrobat (around neck)
 I - a +4 ring of protection
Wands
 C - a wand of iceblast (21)
 J - a wand of paralysis (6)
 L - a wand of mindburst (18)
Scrolls
 c - 3 scrolls of magic mapping
 f - 2 scrolls of blinking
 h - 2 scrolls of vulnerability
 l - a scroll of enchant armour
 s - a scroll of teleportation
Potions
 b - 3 potions of magic
 e - 2 potions of haste
 i - 5 potions of curing
 j - a potion of degeneration {unknown}
 o - 2 potions of ambrosia
 p - 4 potions of mutation
 u - 4 potions of flight {unknown}
 v - a potion of lignification {unknown}
 z - 2 potions of brilliance {unknown}
 A - a potion of resistance {unknown}
 K - a potion of attraction {unknown}


   Skills:
 + Level 5.7 Armour
 - Level 1.7 Dodging
 - Level 1.7 Stealth
 + Level 5.0 Shields
 + Level 5.8 Spellcasting
 + Level 6.1 Conjurations
 + Level 6.7 Fire Magic


You had 6 spell levels left.
You knew the following spells:

 Your Spells              Type           Power      Damage    Failure   Level
a - Foxfire               Conj/Fire      100%       2x1d9     1%          1
b - Scorch                Fire           100%       2d10      1%          2
c - Conjure Flame         Conj/Fire      62%        6-21      3%          3
d - Inner Flame           Hex/Fire       42%        N/A       10%         3
e - Flame Wave            Conj/Fire      62%        2d12      10%         4

Your spell library contained the following spells:

 Spells                   Type           Power      Damage    Failure   Level
 Animate Skeleton         Necr           16%        N/A       14%         1
 Apportation              Tloc           16%        N/A       14%         1
 Slow                     Hex            32%        N/A       14%         1
 Corpse Rot               Necr/Air       16%        N/A       21%         2
 Confusing Touch          Hex            8%         N/A       38%         3
 Vampiric Draining        Necr           8%         2d6       38%         3
 Dispel Undead            Necr           8%         3d8       80%         4
 Agony                    Necr           8%         N/A       98%         5
 Alistair's Intoxication  Tmut/Pois      5%         N/A       98%         5
 Death Channel            Necr           4%         N/A       100%        6
 Simulacrum               Ice/Necr       4%         N/A       100%        6
 Ignition                 Fire           32%        3d10      100%        8


Dungeon Overview and Level Annotations

Branches:
Dungeon (8/15)             Temple (0/1) D:4           Sewer (visited)
 Bailey (1/1)
   Lair: D:8-11

Shops:
D:3 *   D:4 [


Innate Abilities, Weirdness & Mutations

You have an increased reservoir of magic. (+10% MP)
You shall have no god before yourself.
Your divine heritage dramatically boosts your attributes as you level up.


Message History

Confirm with . or Enter, or press ? or * to list all spells.
You feel a surge of power!
Flames lash the orc warrior.
The orc warrior is moderately wounded.
The orc warrior's fire resistance burns away.
You hear a shout!
The orc warrior hits you from afar with a +0 halberd!
* * * LOW HITPOINT WARNING * * *
The orc warrior closely misses you. The orc warrior closely misses you. x2
You feel much better.
The orc warrior hits you from afar with a +0 halberd!
An orc warrior comes into view. It is wielding a +0 halberd.
The orc warrior hits you but does no damage.
Casting: Scorch (safe; 1% risk of failure)
Confirm with . or Enter, or press ? or * to list all spells.
You feel a surge of power!
Flames lash the orc warrior.
The orc warrior is burned terribly!
The orc warrior is almost dead.
The orc warrior is no longer more vulnerable to fire.
You block the orc warrior's attack. x2
The orc hits you from afar with a +0 halberd.
The orc warrior misses you. x2; You block the orc's attack.
Casting: Scorch (safe; 1% risk of failure)
Confirm with . or Enter, or press ? or * to list all spells.
You feel a surge of power!
You conjure some foxfire!
The orc warrior closely misses you. The orc warrior completely misses you.
The orc hits you from afar with a +0 halberd.
* * * LOW HITPOINT WARNING * * *
The foxfire hits the orc warrior.
The orc warrior is heavily wounded.
The foxfire hits the orc warrior but does no damage.
The orc warrior is heavily wounded.
You block the orc's attack. The orc warrior closely misses you.
The orc warrior hits you from afar with a +0 spear!
* * * LOW HITPOINT WARNING * * *
Casting: Foxfire (safe; 1% risk of failure)
Confirm with . or Enter, or press ? or * to list all spells.
You feel a surge of power!
You conjure some foxfire!
The orc warrior hits you from afar with a +0 halberd!
You die...

♣........♣ #♣..∩..∩..♣#
#.....)....#
##..........##
###............#
♣♣............♣.#
#♣..♣.♣.......♣♣.###
#≈≈......v.........♣♣
#≈≈≈....#v@..#......♣♣
#≈≈≈≈≈≈≈#....#≈≈≈≈...♣
#≈≈≈≈≈≈≈#ooo.#≈≈≈≈≈≈.♣
#≈≈≈≈≈≈≈#.o..#≈≈≈≈≈≈≈♣
#♣♣≈≈≈≈≈#....#≈≈≈≈≈≈≈≈≈
♣♣♣...#....#...≈≈≈≈≈≈#
....♣............≈≈≈≈#
...................≈≈≈#
..####........####..≈≈#


You could see 3 orc warriors and an orc (ally target).

Vanquished Creatures
  A hornet (D:6)
  Sigmund (D:6)
  2 steam dragons
  A water moccasin (D:7)
  3 ice beasts
  2 orc warriors (Bailey)
  4 black bears
  2 ogres
  A centaur (D:7)
  2 phantoms
  8 bullfrogs
  A kobold brigand (D:6)
  A necrophage (D:7)
  3 scorpions
  A wight (D:7)
  A howler monkey (D:6)
  2 gnoll shamans (D:6)
  A hound (D:4)
  3 jellies
  5 orc priests
  5 iguanas
  4 orc wizards
  14 adders
  13 gnolls
  2 shadow imps
  A white imp (D:5)
  3 ufetubi
  5 worms
  2 dart slugs
  26 orcs
  24 endoplasms
  5 giant cockroaches
  7 goblins
  9 hobgoblins
  16 kobolds
  15 quokkas
  13 ball pythons
  4 bats
  16 frilled lizards
  A rat (D:3)
230 creatures vanquished.

Vanquished Creatures (others)
  An orc wizard (D:5)
  An orc (D:6)
  630 foxfires
  5 fungi (D:2)
  12 toadstools (D:2)
649 creatures vanquished.

Grand Total: 879 creatures vanquished

Notes
Turn   | Place    | Note
-------+----------+-------------------------------------------
     0 | D:1      | kae the Demigod Fire Elementalist began the quest for the
                  | Orb.
     0 | D:1      | Reached XP level 1. HP: 14/14 MP: 5/5
    49 | D:1      | Reached skill level 1 in Conjurations
   493 | D:1      | Reached XP level 2. HP: 20/20 MP: 0/7
   501 | D:1      | Learned a level 2 spell: Scorch
  1088 | D:2      | Reached XP level 3. HP: 26/26 MP: 3/9
  1096 | D:2      | Identified the +5 ring mail of Beazub {rCorr Str+6}
  1871 | D:2      | Reached skill level 1 in Armour
  1871 | D:2      | Reached XP level 4. HP: 33/33 MP: 2/10
  2392 | D:3      | Noticed a black bear
  2472 | D:3      | Found Nunun's General Store.
  2477 | D:3      | Learned a level 3 spell: Conjure Flame
  2485 | D:3      | Bought a scroll of identify for 24 gold pieces
  2763 | D:3      | Killed a black bear
  2764 | D:3      | Reached XP level 5. HP: 38/38 MP: 3/12
  3219 | D:3      | Identified the +4 dagger of Piyt {venom, rPois Dex+4}
  3641 | D:4      | Reached XP level 6. HP: 45/45 MP: 9/13
  4092 | D:4      | Found Memo Elu's Armour Shop.
  4105 | D:4      | Bought a +0 buckler for 58 gold pieces
  4136 | D:4      | Found a staircase to the Ecumenical Temple.
  4661 | D:5      | Entered Level 5 of the Dungeon
  4775 | D:5      | Reached skill level 1 in Shields
  4804 | D:5      | Reached XP level 7. HP: 22/50 MP: 6/15
  5716 | D:5      | Reached skill level 5 in Fire Magic
  6047 | D:6      | Noticed Sigmund
  6056 | D:6      | Killed Sigmund
  6057 | D:6      | Reached XP level 8. HP: 57/57 MP: 10/17
  6521 | D:6      | Found a glowing drain.
  6531 | Sewer    | Entered a sewer
  7618 | D:6      | Noticed a hornet
  7628 | D:6      | Killed a hornet
  7629 | D:6      | Reached skill level 5 in Spellcasting
  7629 | D:6      | Reached skill level 5 in Conjurations
  7791 | D:6      | Reached XP level 9. HP: 62/62 MP: 3/20
  8261 | D:7      | Reached skill level 5 in Armour
  9312 | D:7      | Identified a scroll of acquirement
  9312 | D:7      | Acquired the Catalogue of Rotation
  9318 | D:7      | Learned a level 4 spell: Flame Wave
  9322 | D:7      | Learned a level 3 spell: Inner Flame
  9430 | D:8      | Found a flagged portal.
  9437 | Bailey   | Entered a bailey
  9550 | Bailey   | Reached skill level 5 in Shields
  9576 | Bailey   | Mangled by an orc warrior

Illustrated notes

Levels and vault maps discovered:
D:1:      dpeg_arrival_tiny_d, layout_loops_ring, basic_ecumenical_altar,
          kennysheep_nondescript
D:2:      cheibrodos_fertilizer, layout_basic
D:3:      layout_loops_ring, ashenzari_conservatory_becter, led_sif_pool,
          serial_shops, shop, corexii_hall_statues_t,
          chequers_serial_rivers_large_a, kennysheep_potato
D:4:      layout_rooms, temple_pool_b, serial_shops, shop, serial_corexii_hall,
          corexii_hall_statues_x, corexii_hall_statues_i,
          corexii_hall_statues_x, corexii_hall_statues_x, minmay_misc_feat_iff
D:5:      layout_loops_cross
D:6:      kennysheep_six_static_rooms, layout_basic,
          cheibrodos_sewer_entry_sluice, uniq_sigmund
D:7:      minmay_angry_zag, layout_basic, mainiacjoe_overflow_six_doors_small
D:8:      layout_loops_ring, enter_bailey_2
Bailey:   bailey_polearm_elven_captive_hellmonk, bailey

Skill      XL: |  1  2  3  4  5  6  7  8  9 |
---------------+----------------------------+-----
Conjurations   | 1 2 3 4 5 6 |  6.1
Spellcasting   | 2 3 4 5 |  5.8
Fire Magic     | 3 4 5 6 |  6.7
Armour         | 1 2 3 4 5 |  5.7
Shields        | 1 2 4 5 |  5.0
Dodging        | |  1.7
Stealth        | |  1.7

Action                   |  1- 3 |  4- 6 |  7- 9 || total
-------------------------+-------+-------+-------++-------
Melee: Rapier            |    17 |     6 |       ||    23
       Staff             |       |     2 |    47 ||    49
 Cast: Foxfire           |    56 |   101 |   212 ||   369
       Scorch            |     7 |    24 |    83 ||   114
       Conjure Flame     |       |     1 |     1 ||     2
Evoke: Wand              |       |       |     1 ||     1
  Use: Scroll            |     2 |     5 |    12 ||    19
       Potion            |       |       |     5 ||     5
Armor: Robe              |     2 |       |       ||     2
       Ring mail         |    14 |    18 |   130 ||   162
Dodge: Dodged            |    20 |    26 |   179 ||   225
Block: Buckler           |       |     6 |    82 ||    88

Table legend: (Time is in decaauts)
 A = Elapsed time spent in this place.
 B = Non-inter-level travel time spent in this place.
 C = Inter-level travel time spent in this place.
 D = Time resting spent in this place.
 E = Time spent auto-exploring this place.
 F = Levels seen in this place.
 G = Mean time per level.
                   A        B        C        D        E       F      G
               +--------+--------+--------+--------+--------+-----+--------+
         Total |   9675 |   9413 |    262 |    147 |   7479 |  10 |  967.5 |
       Dungeon |   8726 |   8464 |    262 |    129 |   6841 |   8 | 1090.8 |
         Sewer |    810 |    810 |      0 |     18 |    559 |   1 |  810.0 |
        Bailey |    138 |    138 |      0 |      0 |     79 |   1 |  138.0 |
               +--------+--------+--------+--------+--------+-----+--------+

Top non-repeatable levels by time:
     D:5: 1484 daAuts
     D:6: 1354 daAuts
     D:3: 1354 daAuts
     D:2: 1266 daAuts
     D:7: 1138 daAuts
     D:4: 1120 daAuts
     D:1: 932 daAuts
   Sewer: 810 daAuts
  Bailey: 138 daAuts
     D:8: 74 daAuts
